[Event "FIDE Open World Rapid 2024"]
[Site "New York"]
[Date "2024.12.27"]
[Round "8.25"]
[White "Gan-Erdene, Sugar"]
[Black "Bu, Xiangzhi"]
[Result "0-1"]
[ECO "C42"]
[WhiteElo "2437"]
[BlackElo "2684"]
[Annotator "ChessBase"]
[PlyCount "156"]
[EventDate "2024.12.14"]
[EventType "swiss"]
[EventCountry "USA"]
[SourceTitle "playchess.com"]
[Source "ChessBase"]
[SourceQuality "1"]
[TimeControl "900+10"]

1. e4 e5 2. Nf3 Nf6 3. Nxe5 d6 4. Nf3 Nxe4 5. Nc3 Nxc3 6. dxc3 Be7 7. Bf4 Nc6 8. Qd2 Be6 9. O-O-O Qd7 10. Kb1 a6 11. Bd3 O-O-O 12. Rhe1 Rde8 13. Be4 Bf5 14. Bd5 Bf6 15. Nd4 Bxd4 16. cxd4 Bxc2+ 17. Qxc2 Nb4 18. Bxb7+ Kxb7 19. Qb3 Qf5+ 20. Ka1 a5 21. Bd2 Qc2 22. Qf3+ Qc6 23. Qxc6+ Kxc6 24. Rc1+ Kb6 25. Bxb4 axb4 26. Kb1 c5 27. Kc2 c4 28. a3 bxa3 29. bxa3 Kc6 30. Kc3 d5 31. a4 Rxe1 32. Rxe1 Rb8 33. Re7 Rb7 34. Re8 Rb3+ 35. Kc2 Ra3 36. Rc8+ Kd6 37. Rd8+ Kc6 38. Rc8+ Kb6 39. Rc5 Rxa4 40. Rxd5 Ra2+ 41. Kc3 Rxf2 42. Rg5 g6 43. Kxc4 Kc6 44. h4 f6 45. Rg4 Kd6 46. g3 Rc2+ 47. Kd3 Rg2 48. Kc4 f5 49. Rf4 Rxg3 50. h5 Ke6 51. hxg6 hxg6 52. Rf1 Rg2 53. Re1+ Kf6 54. d5 f4 55. Rd1 Ke7 56. d6+ Kd7 57. Kd5 Re2 58. Ra1 f3 59. Ra7+ Ke8 60. Ra8+ Kf7 61. d7 f2 62. Rf8+ Kg7 63. d8=Q Rd2+ 64. Ke4 Rxd8 65. Rxf2 Re8+ 66. Kd4 g5 67. Kd3 Kg6 68. Rg2 Kh5 69. Rg1 g4 70. Rh1+ Kg5 71. Rh7 g3 72. Rg7+ Kf4 73. Kd2 Kf3 74. Rf7+ Kg2 75. Kd3 Kh2 76. Rh7+ Kg1 77. Rg7 g2 78. Kd2 Rh8 0-1

[Event "FIDE Open World Rapid 2024"]
[Site "New York"]
[Date "2024.12.27"]
[Round "8.26"]
[White "Paravyan, David"]
[Black "Can, Isik"]
[Result "1/2-1/2"]
[ECO "C50"]
[WhiteElo "2620"]
[BlackElo "2499"]
[Annotator "ChessBase"]
[PlyCount "93"]
[EventDate "2024.12.14"]
[EventType "swiss"]
[EventCountry "USA"]
[SourceTitle "playchess.com"]
[Source "ChessBase"]
[SourceQuality "1"]
[TimeControl "900+10"]

1. e4 e5 2. Nf3 Nc6 3. Bc4 Bc5 4. d3 Nf6 5. a4 O-O 6. O-O d5 7. exd5 Nxd5 8. Nbd2 Nf6 9. Re1 h6 10. c3 a6 11. b4 Bd6 12. Nf1 Re8 13. Ng3 Be6 14. Bxe6 Rxe6 15. Bb2 b5 16. Nh4 Bf8 17. Nhf5 Rb8 18. axb5 axb5 19. Ne4 Nd5 20. Qf3 g6 21. Ne3 Nxe3 22. Qxe3 f5 23. Nc5 Bxc5 24. bxc5 Qg5 25. f4 Qd8 26. fxe5 Qd5 27. d4 g5 28. Rf1 f4 29. Qf3 Ne7 30. Ra7 Qxf3 31. Rxf3 Nd5 32. g3 g4 33. Rxf4 Nxf4 34. gxf4 Rf8 35. d5 Rg6 36. Bc1 g3 37. h3 g2 38. e6 Rf5 39. Ra8+ Kh7 40. Rd8 Rh5 41. e7 Rxh3 42. Rh8+ Kxh8 43. e8=Q+ Rg8 44. Qe5+ Rg7 45. Qe8+ Rg8 46. Qe5+ Rg7 47. Qe8+ 1/2-1/2

[Event "FIDE Open World Rapid 2024"]
[Site "New York"]
[Date "2024.12.28"]
[Round "8.26"]
[White "Macovei, Andrei"]
[Black "Dragnev, Valentin"]
[Result "1/2-1/2"]
[ECO "B12"]
[WhiteElo "2477"]
[BlackElo "2563"]
[Annotator "ChessBase"]
[PlyCount "174"]
[EventDate "2024.12.14"]
[EventType "swiss"]
[EventCountry "USA"]
[SourceTitle "playchess.com"]
[Source "ChessBase"]
[SourceQuality "1"]
[TimeControl "900+10"]

1. e4 c6 2. d4 d5 3. e5 Bf5 4. Nf3 e6 5. Be2 Bg6 6. O-O Nd7 7. a4 Nh6 8. a5 a6 9. c3 c5 10. Bxh6 gxh6 11. c4 Bg7 12. cxd5 exd5 13. Nc3 O-O 14. Nxd5 cxd4 15. Qxd4 Re8 16. Qa4 Rc8 17. Ne3 Nxe5 18. Rfd1 Qf6 19. Rd2 Qc6 20. Qb3 Be4 21. Nxe5 Bxe5 22. Bc4 Qg6 23. Rd7 Rf8 24. Bd5 Rc7 25. Rxc7 Bxc7 26. Qxb7 Qd6 27. Bxe4 Qxh2+ 28. Kf1 Rb8 29. Qc6 Qh1+ 30. Ke2 Qxa1 31. Qxc7 Qxb2+ 32. Bc2 Qb5+ 33. Bd3 Qh5+ 34. g4 Rb2+ 35. Bc2 Qb5+ 36. Kf3 Qb7+ 37. Qxb7 Rxb7 38. Bd3 Rb3 39. Ke4 Ra3 40. Nc4 Ra2 41. f3 Kf8 42. Kd4 h5 43. gxh5 Rh2 44. Bxh7 Rxh5 45. Be4 Ke7 46. Bb7 Rh6 47. Kc5 Kd7 48. Nb6+ Ke6 49. Bxa6 Rh5+ 50. Kb4 Kd6 51. Bb7 Kc7 52. Bd5 Rf5 53. Kc5 Kb8 54. a6 Ka7 55. Kb5 Kb8 56. Kb4 Ka7 57. Kb5 Kb8 58. Kc6 Rf6+ 59. Kc5 Ka7 60. Nc8+ Kxa6 61. Nd6 Ka7 62. Nxf7 Kb8 63. Kd4 Kc7 64. Ke5 Ra6 65. Be6 Ra5+ 66. Kf6 Ra4 67. Ke5 Ra5+ 68. Bd5 Kd7 69. f4 Ra1 70. f5 Ke7 71. f6+ Kf8 72. Ng5 Re1+ 73. Kd6 Rf1 74. Ke6 Rf2 75. Be4 Rf1 76. Bf3 Re1+ 77. Kf5 Rf1 78. Kg6 Rg1 79. Bd5 Ke8 80. Kf5 Rf1+ 81. Ke6 Kf8 82. Be4 Rf2 83. Nh7+ Kg8 84. Ke7 Rf4 85. Bg6 Rf1 86. f7+ Rxf7+ 87. Bxf7+ Kxh7 1/2-1/2

[Event "FIDE Open World Rapid 2024"]
[Site "New York"]
[Date "2024.12.27"]
[Round "8.27"]
[White "Vachier-Lagrave, Maxime"]
[Black "Dardha, Daniel"]
[Result "0-1"]
[ECO "B30"]
[WhiteElo "2731"]
[BlackElo "2639"]
[Annotator "TA"]
[PlyCount "120"]
[EventDate "2024.12.14"]
[EventType "swiss"]
[EventCountry "USA"]
[SourceTitle "playchess.com"]
[Source "ChessBase"]
[SourceQuality "1"]
[TimeControl "900+10"]

1. e4 c5 2. Nf3 Nc6 3. Bb5 e6 4. O-O Nge7 5. d4 cxd4 6. Nxd4 Qb6 7. Nxc6 {[%emt 0:00:12] B30: Sicilian: 2...Nc6 3 Bb5, lines without ...g6.} bxc6 8. Bd3 Ng6 9. Kh1 e5 10. Nd2 Be7 11. Nc4 Qc7 12. Ne3 d6 $146 ({Predecessor:} 12... O-O 13. Nf5 Bf6 14. c4 d6 15. c5 d5 16. Nd6 Be6 17. Qa4 Nf4 18. Ba6 dxe4 19. Nxe4 {0-1 Radlovacki,J (2381)-Vuckovic,B (2558) Gligoric Cup 3rd 2015 (6.1)}) 13. Nf5 O-O 14. c4 Nf4 15. Bc2 Ne6 16. b4 Rd8 17. Nxe7+ Qxe7 18. Be3 Ba6 19. Bd3 d5 20. exd5 cxd5 21. cxd5 Bxd3 22. Qxd3 Qxb4 23. Rfd1 Nf4 24. Bxf4 Qxf4 25. Kg1 Rd6 26. g3 Qa4 27. Qc3 Qe4 28. Rd2 Rad8 (28... Rxd5 $2 29. f3 Rxd2 30. fxe4 $18) 29. Rad1 h5 30. f3 $1 Qf5 31. Qe3 a6 32. h4 g6 33. Kg2 Kg7 34. Rd3 Rc8 35. Rc3 Rb8 36. Qe2 Rb5 37. Rcd3 g5 38. a4 Rb4 39. Qd2 Rxa4 40. Qxg5+ (40. hxg5 {keeps more tension.} Rc4 41. Qa2 Rb4 42. Qd2) 40... Qxg5 41. hxg5 Kg6 42. Rc1 Kxg5 43. Rc6 Rxc6 44. dxc6 Rc4 45. Rd6 Rc2+ 46. Kf1 {[%emt 0:00:01] [#]} (46. Kh3 $15) 46... f5 $1 $17 47. Re6 h4 48. gxh4+ Kxh4 49. Rxe5 {[%emt 0:00:09] [#]} f4 $1 50. Ra5 Rxc6 51. Ke2 Rc2+ 52. Kd3 Rb2 53. Ke4 Rb4+ 54. Kf5 $2 (54. Kd3 $17) 54... Kg3 (54... Rb5+ 55. Rxb5 axb5 56. Kxf4 $11) 55. Ra3 Rb5+ (55... a5 $142 56. Ke5 a4 57. Kf5 Kf2 58. Kg4 Ke2 59. Rc3 Kd2 60. Rc7 Kd3 61. Kf5 Rc4 62. Rh7 Kc3 63. Ke6 a3 64. Rh2 Kb3 65. Rh7 a2 66. Rh1 Kb2 67. Kd5 Ra4 (67... a1=R 68. Rxa1 Rb4 69. Rd1 $11) 68. Re1 a1=Q (68... a1=B 69. Re4 $15) (68... a1=R $2 69. Re2+ Kc3 70. Ke5 $19) 69. Rxa1 Rxa1 70. Ke5 Ra4 71. Ke6 Kc3 72. Kf6 Kd2 73. Kf7 Ke2 74. Ke7 Kxf3 75. Kd6 Ke3 76. Kc6 f3 77. Kb5 Ra2 (77... f2 {leads to mate.} 78. Kxa4 f1=Q 79. Ka5 Qb1 80. Ka6 Kd4 81. Ka7 Kc5 82. Ka8 Kc6 83. Ka7 Qb7#) 78. Kc5 f2 79. Kd5 f1=Q (79... f1=R {gets mated.} 80. Kc5 Ke4 81. Kd6 Ra6+ 82. Ke7 Ra7+ 83. Kd6 Rc1 84. Ke6 Rc6#) 80. Ke6 Qc4+ 81. Ke7 Ra6 82. Ke8 Qc7 83. Kf8 Ra8#) 56. Ke4 $19 a5 57. Kd4 a4 58. Ke4 Rb3 59. Rxa4 Rxf3 (59... Re3+ $142 60. Kf5 Rxf3) 60. Kf5 Rb3 0-1

[Event "FIDE Open World Rapid 2024"]
[Site "New York"]
[Date "2024.12.27"]
[Round "8.27"]
[White "Thavandiran, Shiyam"]
[Black "Lou, Yiping"]
[Result "0-1"]
[ECO "B40"]
[WhiteElo "2410"]
[BlackElo "2459"]
[Annotator "ChessBase"]
[PlyCount "64"]
[EventDate "2024.12.14"]
[EventType "swiss"]
[EventCountry "USA"]
[SourceTitle "playchess.com"]
[Source "ChessBase"]
[SourceQuality "1"]
[TimeControl "900+10"]

1. e4 c5 2. Nf3 e6 3. g3 Nc6 4. Bg2 Nf6 5. Qe2 e5 6. O-O Be7 7. c3 O-O 8. Na3 Re8 9. Nc4 Bf8 10. a4 Nxe4 11. Nfxe5 d5 12. Nxc6 bxc6 13. Ne3 d4 14. Bxe4 Rxe4 15. Qf3 Re8 16. cxd4 cxd4 17. Ng2 Ba6 18. d3 Rb8 19. Bf4 Rxb2 20. Rfe1 c5 21. Rxe8 Qxe8 22. Re1 Qc8 23. g4 Bb7 24. Qg3 Qc6 25. h4 c4 26. dxc4 Rb3 27. Qh2 Bb4 28. Bd2 Bd6 29. Nf4 Rb2 30. Bc1 Rb1 31. Qg2 Bxf4 32. Qd5 h6 0-1

[Event "FIDE Open World Rapid 2024"]
[Site "New York"]
[Date "2024.12.27"]
[Round "8.28"]
[White "Christiansen, Johan-Sebastian"]
[Black "Damjanovic, Vuk"]
[Result "0-1"]
[ECO "C41"]
[WhiteElo "2661"]
[BlackElo "2368"]
[Annotator "ChessBase"]
[PlyCount "66"]
[EventDate "2024.12.14"]
[EventType "swiss"]
[EventCountry "USA"]
[SourceTitle "playchess.com"]
[Source "ChessBase"]
[SourceQuality "1"]
[TimeControl "900+10"]

1. e4 d6 2. d4 Nf6 3. Nc3 e5 4. Nf3 Nbd7 5. Rg1 c6 6. g4 h6 7. h4 exd4 8. Nxd4 Ne5 9. Be2 d5 10. exd5 Nxd5 11. Nxd5 Qxd5 12. Nb3 Qxd1+ 13. Kxd1 Be7 14. h5 Be6 15. Be3 Nc4 16. Bd4 O-O-O 17. Ke1 Bf6 18. Bxf6 gxf6 19. Nc5 Rhe8 20. b3 Ne5 21. Nxe6 Rxe6 22. Rg3 Nxg4 23. Rxg4 Rde8 24. Kf1 Rxe2 25. Rg7 Rxc2 26. Rxf7 Re5 27. Rd1 Rf5 28. Rdd7 Rfxf2+ 29. Ke1 Rce2+ 30. Kd1 Rxa2 31. Ke1 Rh2 32. Rc7+ Kb8 33. Rxb7+ Ka8 0-1

[Event "FIDE Open World Rapid 2024"]
[Site "New York"]
[Date "2024.12.27"]
[Round "8.28"]
[White "Le, Tuan Minh"]
[Black "Wei, Yi"]
[Result "0-1"]
[ECO "C50"]
[WhiteElo "2598"]
[BlackElo "2753"]
[Annotator "TA"]
[PlyCount "63"]
[EventDate "2024.12.14"]
[EventType "swiss"]
[EventCountry "USA"]
[SourceTitle "playchess.com"]
[Source "ChessBase"]
[SourceQuality "1"]
[TimeControl "900+10"]

1. d4 d6 2. e4 Nf6 3. Nc3 e5 4. Nf3 Nbd7 5. Bc4 Be7 6. O-O O-O 7. Re1 exd4 8. Nxd4 Ne5 9. Bf1 Re8 10. h3 h6 11. Bf4 Bf8 12. Qd2 c6 13. Rad1 (13. a4 $14) 13... Qc7 14. Bh2 Bd7 (14... b5 $11 {keeps the balance.}) 15. Kh1 Rad8 (15... b5 $14) 16. f4 $16 Ng6 17. Nf3 (17. e5 $16 Nd5 (17... dxe5 18. fxe5 Nxe5 19. Rxe5 $16) 18. Nxd5 cxd5 19. e6 (19. Nb5 Qc6 $16) 19... fxe6 20. Qd3) 17... Bc8 $14 18. Bd3 Nd7 19. a3 a5 20. Bc4 (20. e5 $16) 20... b5 $11 21. Nxb5 cxb5 22. Bxf7+ $1 Kxf7 23. Qd5+ $1 Ke7 24. f5 $2 (24. Qh5 $1 $11 {and White is okay.} Kf7 25. Qd5+ Ke7 (25... Re6 26. f5 $15) 26. Qh5) 24... Nf6 $19 25. Qxb5 Ne5 {[%emt 0:02:20] Hoping for ...Bd7.} 26. Bxe5 (26. Rxd6 $142 Rxd6 (26... Kxd6 $2 27. Nxe5 Ke7 28. Ng6+ Kf7 29. Bxc7 $18) (26... Nxf3 27. Re6+ Bxe6 28. Bxc7 $15) 27. Bxe5) 26... dxe5 27. Nxe5 {[%emt 0:00:03] Nc6+ would now be deadly.} Rxd1 (27... Qxc2 $2 {perishes.} 28. Rc1 $18 (28. Nc6+ Kf7 $16)) 28. Rxd1 Bd7 {[%emt 0:00:09] Prevents Nc6+.} 29. Ng6+ (29. Nxd7 {was the only chance.} Rd8 (29... Nxd7 $2 30. Qd5 $19) 30. e5 Nxd7 31. Rd6) 29... Kf7 30. Rxd7+ Qxd7 31. Qb3+ {[%emt 0:00:09] [#]} Nd5 $1 32. Nf4 (32. Qc4 Kg8) 0-1

[Event "FIDE Open World Rapid 2024"]
[Site "New York"]
[Date "2024.12.27"]
[Round "8.29"]
[White "Nesterov, Arseniy"]
[Black "Xiong, Jeffery"]
[Result "0-1"]
[ECO "D37"]
[WhiteElo "2599"]
[BlackElo "2636"]
[Annotator "ChessBase"]
[PlyCount "89"]
[EventDate "2024.12.14"]
[EventType "swiss"]
[EventCountry "USA"]
[SourceTitle "playchess.com"]
[Source "ChessBase"]
[SourceQuality "1"]
[TimeControl "900+10"]

1. d4 Nf6 2. c4 e6 3. Nf3 a6 4. Nc3 d5 5. cxd5 exd5 6. Bg5 Be6 7. e3 h6 8. Bh4 Nbd7 9. Bd3 Bd6 10. O-O c6 11. Bg3 Bxg3 12. hxg3 Qc7 13. Qc2 O-O 14. Ne2 Bg4 15. Nf4 Bxf3 16. gxf3 Qd6 17. Rac1 Rfe8 18. Kg2 Nf8 19. Rfd1 Ne6 20. Nxe6 Rxe6 21. Qc5 Qd8 22. b4 h5 23. a4 g6 24. b5 axb5 25. axb5 h4 26. g4 Qc7 27. Qc2 Kg7 28. Rh1 Rxe3 29. Rxh4 Ree8 30. bxc6 bxc6 31. Qxc6 Qf4 32. Qc3 Rac8 33. Qxc8 Rxc8 34. Rxc8 Qxd4 35. Bf1 Nh7 36. Re8 Ng5 37. Re3 Ne6 38. Kg1 Qf6 39. Rh2 d4 40. Ra3 Nf4 41. Ra8 Qc6 42. Rhh8 Qxf3 43. Rhd8 Qxg4+ 44. Kh1 d3 45. Rd4 0-1

[Event "FIDE Open World Rapid 2024"]
[Site "New York"]
[Date "2024.12.28"]
[Round "8.29"]
[White "Rosen, Eric"]
[Black "Gagunashvili, Merab"]
[Result "0-1"]
[ECO "D02"]
[WhiteElo "2377"]
[BlackElo "2541"]
[Annotator "ChessBase"]
[PlyCount "196"]
[EventDate "2024.12.14"]
[EventType "swiss"]
[EventCountry "USA"]
[SourceTitle "playchess.com"]
[Source "ChessBase"]
[SourceQuality "1"]
[TimeControl "900+10"]

1. d4 d5 2. Bf4 Nf6 3. Nf3 c5 4. e3 Qb6 5. Nc3 cxd4 6. exd4 Bg4 7. Nb5 Na6 8. c3 Qe6+ 9. Be3 Bxf3 10. Qxf3 g6 11. Bd3 Bh6 12. O-O Bxe3 13. fxe3 O-O 14. Rae1 Ne4 15. Bxe4 dxe4 16. Qf4 Qc4 17. Na3 Qxa2 18. Re2 Qe6 19. Ref2 f5 20. h3 Rac8 21. Nb5 Qd5 22. Na3 Nc7 23. c4 Qd6 24. Qh4 e5 25. d5 b5 26. Rd1 a6 27. cxb5 Nxb5 28. Nxb5 axb5 29. Qg5 Kg7 30. h4 h6 31. Qg3 f4 32. Qg4 h5 33. Qe2 Rc5 34. exf4 Rxd5 35. Re1 exf4 36. Qxe4 Rf7 37. Ref1 Rdf5 38. Rf3 Qf6 39. Qe2 Qxh4 40. Qd2 Qf6 41. Rd3 Qb6+ 42. Kh1 Qc5 43. b4 Qe7 44. Qb2+ Qf6 45. Qd2 Qh4+ 46. Rh3 Qg4 47. Qd4+ Kh7 48. Rhf3 Qh4+ 49. Rh3 Qf6 50. Qd3 Kh6 51. Qd2 Qe6 52. Rd3 Kh7 53. Rh3 Qe4 54. Re1 Qb7 55. Rf3 Rd5 56. Qc1 Rd4 57. Qc3 Qd7 58. Qc5 Qd5 59. Qc8 Rd1 60. Rxd1 Qxd1+ 61. Kh2 Qe1 62. Qc5 Qe2 63. Rxf4 Rxf4 64. Qc7+ Kg8 65. Qxf4 Qe8 66. Qd6 Kf7 67. Qd5+ Kf6 68. Qf3+ Kg7 69. Qc3+ Kh6 70. Qd2+ Kh7 71. Qd6 Qf7 72. Qe5 Qf5 73. Qe7+ Kh6 74. Qd6 h4 75. Qe7 g5 76. Qd6+ Kh5 77. Qe7 Kg6 78. Qe8+ Kg7 79. Qe7+ Kh6 80. Qd6+ Kh5 81. Qe7 g4 82. Qe8+ Kg5 83. Qe7+ Kg6 84. Qe8+ Kf6 85. Qf8+ Ke5 86. Qc5+ Ke4 87. Qc2+ Kf4 88. Qc1+ Ke5 89. Qc5+ Kf6 90. Qf8+ Kg5 91. Qe7+ Kh5 92. Qe8+ Kh6 93. Qh8+ Kg5 94. Qd8+ Qf6 95. Qd5+ Kf4 96. Qxb5 g3+ 97. Kg1 Qd4+ 98. Kh1 Qa1+ 0-1

[Event "FIDE Open World Rapid 2024"]
[Site "New York"]
[Date "2024.12.27"]
[Round "8.30"]
[White "Praggnanandhaa R"]
[Black "Suleymanli, Aydin"]
[Result "1-0"]
[ECO "A50"]
[WhiteElo "2737"]
[BlackElo "2623"]
[Annotator "TA"]
[PlyCount "123"]
[EventDate "2024.12.14"]
[EventType "swiss"]
[EventCountry "USA"]
[SourceTitle "playchess.com"]
[Source "ChessBase"]
[SourceQuality "1"]
[TimeControl "900+10"]

1. d4 Nf6 2. c4 e6 3. Bf4 Bb4+ 4. Nd2 c5 5. dxc5 O-O 6. Ngf3 Bxc5 7. e3 Nc6 8. Be2 {[%emt 0:00:04] The position is equal.} d5 9. O-O b6 10. cxd5 Nxd5 11. Bg3 Bxe3 12. fxe3 Nxe3 13. Qa4 Nxf1 14. Bxf1 Bb7 15. Ne4 Ne7 16. Rd1 $36 {[%emt 0:00:30][%mdl 2048] White has the initiative.} Qe8 17. Qb4 {[%emt 0:00:05] Hoping for Bb5.} Bxe4 18. Qxe4 {[%emt 0:00:02] Black is weak on the dark squares} Nf5 ({Black should try} 18... Qc6 $14 19. Qxc6 Nxc6) 19. Be5 {[%emt 0:01:26] White has more active pieces.} (19. Be1 $16) 19... Rd8 $14 20. Bd3 {[%emt 0:00:03][%mdl 1024] Strongly threatening g4. White has strong compensation.} Qe7 21. Rc1 {[%emt 0:02:25] Wards off Qc5+. aiming for Rc7.} h5 22. h3 $1 Qd7 23. Bb1 {[%emt 0:00:52] Black must now prevent g4. A strong pair of Bishops.} Qd5 $1 24. Qe1 Rc8 25. Rd1 Qc5+ 26. Kh2 $1 {[%emt 0:00:03] Threatens to win with Bxf5.} Qe3 27. Qb4 a5 28. Qa4 Rc5 (28... b5 $14 29. Qf4 (29. Qxb5 $2 Rc5 $19) (29. Qxa5 Nh4 $11) 29... Rfd8 30. Rxd8+ Rxd8) 29. Re1 Qf2 (29... Qh6 $16 30. Re2 Rd5) 30. Bxf5 $18 exf5 {[%emt 0:00:02] [#]} 31. Bd4 $1 Qc2 32. Qd7 Rc7 33. Qd6 {[%emt 0:00:06][%cal Of3h4] Nh4! is the strong threat.} Qc6 34. Qe5 f6 35. Qxf5 Re8 (35... Rff7 $16 36. Qxh5 Rfe7) 36. Rxe8+ (36. Qxh5 Rxe1 37. Nxe1 Qd6+ 38. g3 Qxd4 39. Qe8+ Kh7 40. Qh5+ Kg8 41. Qe8+ Kh7 42. Qh5+ Kg8 $11) 36... Qxe8 37. Bxb6 Rb7 (37... Rc1 $142 38. Bf2 (38. Qxa5 Qb8+ 39. g3 h4 $11) 38... a4 39. Qd5+ Kh7) 38. Qd5+ (38. Bxa5 $2 Rb5 (38... Rxb2 39. a4 $16) 39. Qd3 Rxa5 $19) 38... Qf7 39. Qxa5 g5 (39... Qd7 $142) 40. Bd4 g4 41. hxg4 hxg4 42. Nh4 Rd7 43. Bc3 Rd5 44. Qb6 Kg7 45. Qf2 Qe6 46. Qf4 Kf7 47. a4 Rd3 (47... Rg5 $142 48. Kg3 Rd5) 48. Nf5 Qe2 {[%emt 0:00:12] [#]} 49. Qxg4 Qxg4 {[%emt 0:00:11] White is clearly winning.} 50. Nh6+ Ke6 51. Nxg4 f5 52. Ne5 Rd1 53. Kg3 Ra1 54. a5 Ra4 55. Kf3 Kd5 56. Nd3 Kd6 57. Nf4 Kc5 58. Ne6+ Kd5 {[%emt 0:00:20] [#]} 59. Nd4 $1 Ke5 60. g3 Ra2 61. Ke3 Ra4 62. Kd3 {[%emt 0:00:03] Weighted Error Value: White=0.12 (very precise) /Black=0.37.  Mistake:       	White=1     	Black=7      Inaccurate:     	White=2     	Black=4      OK:         	White=23    	Black=16     Best:        	White=3     	Black=3      Strong:       	White=2     	Black=1} 1-0

[Event "FIDE Open World Rapid 2024"]
[Site "New York"]
[Date "2024.12.28"]
[Round "8.30"]
[White "Juksta, Karolis"]
[Black "Lodici, Lorenzo"]
[Result "0-1"]
[ECO "A78"]
[WhiteElo "2403"]
[BlackElo "2564"]
[Annotator "ChessBase"]
[PlyCount "114"]
[EventDate "2024.12.14"]
[EventType "swiss"]
[EventCountry "USA"]
[SourceTitle "playchess.com"]
[Source "ChessBase"]
[SourceQuality "1"]
[TimeControl "900+10"]

1. d4 Nf6 2. c4 e6 3. Nf3 c5 4. d5 exd5 5. cxd5 d6 6. Nc3 g6 7. Nd2 Bg7 8. e4 O-O 9. Be2 Re8 10. O-O Na6 11. Re1 Nc7 12. a4 b6 13. f3 Nh5 14. Nf1 Be5 15. g3 Bh3 16. Be3 a6 17. Qd2 Rb8 18. g4 Nf6 19. Ng3 b5 20. axb5 axb5 21. g5 Nd7 22. f4 Bg7 23. Nd1 Nb6 24. Nf2 Bd7 25. Rab1 Nc4 26. Bxc4 bxc4 27. f5 gxf5 28. exf5 Rxb2 29. Rxb2 c3 30. Qc2 cxb2 31. f6 Nxd5 32. fxg7 Nxe3 33. Qxb2 Qa8 34. Nd3 Qf3 35. Qe2 Qxe2 36. Rxe2 Bg4 37. Re1 Kxg7 38. Nf2 Kf8 39. Rxe3 Rxe3 40. Nxg4 Ra3 41. Ne4 c4 42. Nxd6 c3 43. Ne3 Ra1+ 44. Kf2 c2 45. Nxc2 Ra2 46. Kg3 Rxc2 47. h4 Ke7 48. Ne4 Ke6 49. Nf6 Kf5 50. Nxh7 Rc3+ 51. Kf2 Kg4 52. Nf6+ Kxh4 53. Ne4 Rc4 54. Nd6 Rf4+ 55. Ke3 Kxg5 56. Ne4+ Rxe4+ 57. Kxe4 Kg4 0-1

[Event "FIDE Open World Rapid 2024"]
[Site "New York"]
[Date "2024.12.27"]
[Round "8.31"]
[White "Ivanchuk, Vasyl"]
[Black "Aravindh, Chithambaram VR."]
[Result "1/2-1/2"]
[ECO "C34"]
[WhiteElo "2630"]
[BlackElo "2718"]
[Annotator "ChessBase"]
[PlyCount "60"]
[EventDate "2024.12.14"]
[EventType "swiss"]
[EventCountry "USA"]
[SourceTitle "playchess.com"]
[Source "ChessBase"]
[SourceQuality "1"]
[TimeControl "900+10"]

1. e4 e5 2. f4 exf4 3. Bc4 Nc6 4. Nf3 g5 5. d4 Bg7 6. h4 h6 7. d5 Ne5 8. Nxe5 Bxe5 9. d6 c6 10. Qh5 Qf6 11. Nd2 Rh7 12. hxg5 Qxd6 13. Nf3 Qb4+ 14. Bd2 Qxc4 15. Nxe5 Qxe4+ 16. Kf1 Qf5 17. Re1 Kd8 18. Rh4 d6 19. Rxf4 hxg5 20. Nxf7+ Kc7 21. Qxg5 Rxf7 22. Qxg8 Qb5+ 23. Kg1 Rxf4 24. Bxf4 Qc5+ 25. Re3 Qd4 26. Qf8 Qd1+ 27. Kh2 Qh5+ 28. Kg3 Qg6+ 29. Kh2 Qh5+ 30. Kg1 Qd1+ 1/2-1/2

[Event "FIDE Open World Rapid 2024"]
[Site "New York"]
[Date "2024.12.28"]
[Round "8.31"]
[White "Bilych, Oleksii"]
[Black "Adewumi, Tanitoluwa"]
[Result "0-1"]
[ECO "A09"]
[WhiteElo "2435"]
[BlackElo "2349"]
[Annotator "ChessBase"]
[PlyCount "116"]
[EventDate "2024.12.14"]
[EventType "swiss"]
[EventCountry "USA"]
[SourceTitle "playchess.com"]
[Source "ChessBase"]
[SourceQuality "1"]
[TimeControl "900+10"]

1. Nf3 d5 2. g3 g6 3. Bg2 Bg7 4. c4 d4 5. O-O Nf6 6. d3 O-O 7. e3 dxe3 8. fxe3 Nc6 9. Nc3 e5 10. d4 Bg4 11. dxe5 Nd7 12. h3 Be6 13. Qe2 Ndxe5 14. Rd1 Qc8 15. Nxe5 Nxe5 16. Nd5 Re8 17. Qf1 c6 18. Nf4 Nxc4 19. Rb1 Bf5 20. e4 Bxe4 21. Bxe4 Rxe4 22. Qf3 Qf5 23. b3 Ne5 24. Qf2 g5 25. Nh5 Qxh3 26. Nxg7 g4 27. Qg2 Nf3+ 28. Kf1 Nh2+ 29. Kg1 Qxg2+ 30. Kxg2 Re2+ 31. Kh1 Nf3 32. Rb2 Re5 33. Rc2 Kxg7 34. Bb2 Rae8 35. Re2 R8e7 36. Kg2 h5 37. Rd6 f6 38. Bxe5 Nxe5 39. Red2 Kg6 40. Kf2 Kf5 41. R2d4 Kg5 42. Rd8 Rh7 43. Rg8+ Ng6 44. Kg2 Kf5 45. Rd1 Kg5 46. Rd2 h4 47. gxh4+ Rxh4 48. Rd7 Kf5 49. Rxb7 Nf4+ 50. Kg1 Ke4 51. Rf8 Rh6 52. Rbf7 Nd5 53. Kg2 Kf4 54. Rxa7 Ne3+ 55. Kg1 f5 56. Re7 Rh3 57. a4 Rf3 58. Rg8 Kg3 0-1

[Event "FIDE Open World Rapid 2024"]
[Site "New York"]
[Date "2024.12.27"]
[Round "8.32"]
[White "Anton Guijarro, David"]
[Black "Woodward, Andy"]
[Result "1-0"]
[ECO "B51"]
[WhiteElo "2673"]
[BlackElo "2530"]
[Annotator "ChessBase"]
[PlyCount "97"]
[EventDate "2024.12.14"]
[EventType "swiss"]
[EventCountry "USA"]
[SourceTitle "playchess.com"]
[Source "ChessBase"]
[SourceQuality "1"]
[TimeControl "900+10"]

1. e4 c5 2. Nf3 d6 3. Bb5+ Nd7 4. Ba4 Ngf6 5. O-O e6 6. d3 Be7 7. c4 O-O 8. Nc3 Ne5 9. Ne1 Bd7 10. Bxd7 Nfxd7 11. f4 Nc6 12. Kh1 f5 13. Nf3 Bf6 14. exf5 exf5 15. Bd2 Nb6 16. a4 a5 17. Qb3 Nb4 18. Nb5 Qd7 19. d4 Rae8 20. dxc5 dxc5 21. Bxb4 axb4 22. Rad1 Qe7 23. a5 Nc8 24. Rfe1 Qf7 25. Ne5 Bxe5 26. fxe5 f4 27. Rd5 Qh5 28. Qf3 Qh4 29. Rdd1 Re7 30. h3 Kh8 31. Qg4 Qh6 32. Re4 Re6 33. Qxf4 g5 34. Qg4 Qg6 35. Ree1 Rf4 36. Qg3 Ne7 37. Nc7 Rc6 38. Rd8+ Kg7 39. Rd7 Kf8 40. e6 Qf5 41. Nd5 Rxe6 42. Rxe6 Qxe6 43. Rxe7 Qd6 44. Qe1 Rxc4 45. Re6 Rc1 46. Qxc1 Qxe6 47. Qxc5+ Kf7 48. Qc7+ Kg6 49. Qb6 1-0

[Event "FIDE Open World Rapid 2024"]
[Site "New York"]
[Date "2024.12.28"]
[Round "8.32"]
[White "Matviishen, Viktor"]
[Black "Degenbaev, Aziz"]
[Result "1-0"]
[ECO "E73"]
[WhiteElo "2566"]
[BlackElo "2260"]
[Annotator "ChessBase"]
[PlyCount "99"]
[EventDate "2024.12.14"]
[EventType "swiss"]
[EventCountry "USA"]
[SourceTitle "playchess.com"]
[Source "ChessBase"]
[SourceQuality "1"]
[TimeControl "900+10"]

1. d4 Nf6 2. c4 g6 3. Nc3 Bg7 4. e4 d6 5. Be2 O-O 6. Be3 e5 7. d5 Na6 8. h4 Nc5 9. Qc2 c6 10. h5 cxd5 11. cxd5 Qa5 12. h6 Bh8 13. f3 Nh5 14. Rb1 Ng3 15. b4 Qd8 16. bxc5 Nxh1 17. c6 b6 18. g4 f5 19. exf5 gxf5 20. gxf5 Ng3 21. Rb4 Bxf5 22. Bd3 e4 23. Nxe4 Be5 24. Nxg3 Bxg3+ 25. Kd2 Bxd3 26. Qxd3 Be5 27. Rg4+ Kh8 28. f4 Bf6 29. Nf3 Qe7 30. Ng5 Rae8 31. Ne6 Rg8 32. Qf5 Rxg4 33. Qxg4 Qf7 34. Kd3 Ba1 35. f5 Qf6 36. Bd4 Bxd4 37. Qxd4 Qxd4+ 38. Kxd4 Kg8 39. Ng5 Kf8 40. f6 Re1 41. Ne4 Rd1+ 42. Ke3 Rc1 43. Nxd6 Rc5 44. Ke4 a5 45. a4 Rc1 46. Ke5 Re1+ 47. Kf5 Rc1 48. Ke6 Rc5 49. Nb5 Rc4 50. c7 1-0